 Dungeon Crawl Stone Soup version 0.16-a0-3843-ged98c6c (console) character file.

137 carlseen the Ruffian (level 5, -5/43 (46) HPs)
             Began as a Ghoul Monk on Jan 30, 2015.
             Slain by a centaur (7 damage)
             ... on level 3 of the Dungeon.
             The game lasted 00:14:15 (2410 turns).

carlseen the Ruffian (Ghoul Monk)                   Turns: 2410, Time: 00:14:15

HP:   -5/43 (46)    AC:  2    Str: 15    XL:     5   Next: 20%
MP:   4/4           EV: 13    Int:  5    God:
Gold: 51            SH:  0    Dex: 12    Spells: 0 memorised, 4 levels left

rFire  . . .     SeeInvis .       - Unarmed
rCold  + . .     Clarity  .     a - +0 robe
rNeg   + + +     SustAb   .     (no shield)
rPois  ∞         Gourm    .     (no helmet)
rElec  .         Spirit   .     (no cloak)
rCorr  .         Warding  .     (no gloves)
rMut   .         Stasis   .     (no boots)
MR     .....                    (no amulet)
Stlth  ++........               (no ring)
                                (no ring)

@: rotting, not resistant to hostile enchantments, unstealthy
A: rotting body, claws 1, carnivore 3, cold resistance 1, negative energy
resistance 3, poison resistance, slow healing 1, torment resistance, unbreathing
a: no special abilities


You were on level 3 of the Dungeon.
You were not hungry.

You visited 1 branch of the dungeon, and saw 3 of its levels.

You collected 51 gold pieces.

Inventory:

Hand weapons
 f - a +1 short sword of holy wrath
Armour
 a - a +0 robe (worn)
 d - a +0 scale mail
Scrolls
 c - a scroll of amnesia {unknown}
 e - 2 scrolls of identify {unknown}
 h - a scroll of blinking {unknown}
 i - 2 scrolls of magic mapping {unknown}
 j - a scroll of enchant weapon {unknown}
Potions
 b - a potion of curing {unknown}
Comestibles
 g - a bread ration
 k - 2 chunks of flesh


   Skills:
 + Level 4.1 Fighting
 + Level 3.4 Dodging
 + Level 3.0 Stealth
 + Level 5.5 Unarmed Combat


You had 4 spell levels left.
You didn't know any spells.

Dungeon Overview and Level Annotations

Branches:
Dungeon (3/15)

Altars:
Trog
Vehumet


Innate Abilities, Weirdness & Mutations

Your body is rotting away.
You thrive on raw meat.
You have sharp fingernails.
You are carnivorous and can eat meat at any time.
Your flesh is cold resistant.
You are immune to negative energy.
Your system is resistant to poisons.
You heal slowly when monsters are visible.
You are immune to unholy pain and torment.
You can survive without breathing.


Message History

The centaur closely misses you.
You barely miss the centaur.
The centaur is heavily wounded.
The centaur hits you.
* * * LOW HITPOINT WARNING * * *
You closely miss the centaur.
The centaur is heavily wounded.
The centaur hits you!
* * * LOW HITPOINT WARNING * * *
The centaur closely misses you.
You barely miss the centaur.
The centaur is heavily wounded.
The centaur hits you but does no damage.
You scratch the centaur. Your claw misses the centaur.
The centaur is heavily wounded.
The centaur barely misses you.
You scratch the centaur.
The centaur is heavily wounded.
The centaur hits you!
You die...

#.# #.#############
...........>..####
#.###.....#.#. #..
#. #.# #..##.#.#
#.# #.#.
#.###..##)#.#
#..#.#.#
#......##.#.#
##.#.#.#
######.##.#.#
...#.#
##.##.#.####.#.#
#..........((.#
#..........#@#.#
#....).....#c.#.#
#..........#.#.#.#
#..........##.#.#.#
#.....###### # #.#.
#####.# .# #.# #
... ... ...


You could see a centaur (bleeding).

Vanquished Creatures
  Sigmund (D:2)
  An adder (D:2)
  2 worms (D:2)
  4 giant geckos (D:2)
  2 oozes (D:2)
  4 bats
  6 hobgoblins
  8 kobolds
  A giant newt (D:1)
  3 goblins
  10 rats
42 creatures vanquished.

Notes
Turn   | Place    | Note
--------------------------------------------------------------
     0 | D:1      | carlseen, the Ghoul Monk, began the quest for the Orb.
     0 | D:1      | Reached XP level 1. HP: 19/19 MP: 1/1
   204 | D:1      | Reached XP level 2. HP: 11/25 MP: 2/2
  1010 | D:2      | Noticed Sigmund
  1019 | D:2      | HP: 1/23 [Sigmund/scythe (6)]
  1022 | D:2      | Killed Sigmund
  1022 | D:2      | Reached skill level 5 in Unarmed Combat
  1022 | D:2      | Reached XP level 3. HP: 1/29 MP: 3/3
  1022 | D:2      | Reached XP level 4. HP: 1/36 MP: 3/3
  1640 | D:2      | Noticed a moth of wrath
  1837 | D:2      | Reached XP level 5. HP: 42/42 MP: 4/4
  1860 | D:2      | Found a radiant altar of Vehumet.
  2122 | D:2      | Found a bloodstained altar of Trog.
  2401 | D:3      | Noticed a centaur
  2407 | D:3      | HP: 2/43 [centaur (8)]
  2410 | D:3      | Slain by a centaur

Action                   |  1- 3 |  4- 6 || total
-------------------------+-------+-------++-------
Melee: Unarmed           |    39 |    72 ||   111
 Stab: Sleeping          |     2 |     4 ||     6
  Eat: Chunk             |     1 |     4 ||     5
